 Dungeon Crawl Stone Soup version 0.25-a0-665-ga69d64035b (webtiles) character file.

Game seed: 16993675080398892235, levelgen mode: deterministic

1263 kae the Zephyrmancer (level 8, 0/41 HPs)
             Began as a Tengu Air Elementalist on Mar 26, 2020.
             Was a Follower of Vehumet.
             Slain by a sky beast (2 damage)
             ... on level 7 of the Dungeon.
             The game lasted 00:07:34 (6725 turns).

kae the Zephyrmancer (Tengu Air Elementalist)       Turns: 6725, Time: 00:07:35

Health: 0/41       AC:  3    Str: 13    XL:     8   Next: 52%
Magic:  8/16       EV: 12    Int: 20    God:    Vehumet [*.....]
Gold:   253        SH:  0    Dex: 10    Spells: 8/16 levels left

rFire    . . .     SeeInvis .   (no weapon)
rCold    . . .     Gourm    .   (no shield)
rNeg     + . .     Faith    .   a - +1 robe
rPois    .         Spirit   .   (helmet restricted)
rElec    +         Reflect  .   (no cloak)
rCorr    .         Harm     .   (no gloves)
MR       .....                  (boots unavailable)
Stlth    ++........             (no amulet)
HPRegen  0.13/turn              r - +4 ring of strength
MPRegen  0.15/turn              q - ring "Teruomp" {rElec rN+ Int+3 Dex-5 Slay-5}

@: no status effects
A: beak, talons 3, able to fly
a: Fly, Renounce Religion


You were on level 7 of the Dungeon.
You worshipped Vehumet.
Vehumet was aware of your devotion.
You were not hungry.

You visited 1 branch of the dungeon, and saw 6 of its levels.

You collected 253 gold pieces.

Inventory:

Armour
 a - a +1 robe (worn)
Jewellery
 i - an uncursed ring of protection from cold
 j - a +2 amulet of reflection
 o - an uncursed ring of stealth
 p - an uncursed ring of fire
 q - the ring "Teruomp" (right hand) {rElec rN+ Int+3 Dex-5 Slay-5}
   (You found it on level 5 of the Dungeon)

   [ring of slaying]

   It affects your intelligence (+3).
   It affects your dexterity (-5).
   It affects your accuracy and damage with ranged weapons and melee attacks
   (-5).
   It insulates you from electricity.
   It protects you from negative energy.
 r - a +4 ring of strength (left hand)
Wands
 t - a wand of acid (8)
Scrolls
 b - 6 scrolls of remove curse
 c - 2 scrolls of teleportation
 l - 3 scrolls of amnesia
Potions
 e - a potion of brilliance
 f - a potion of mutation
 h - 4 potions of curing
 m - 4 potions of stabbing
 n - 2 potions of might
Comestibles
 d - a chunk of flesh
 g - 5 rations


   Skills:
 - Level 2.1 Dodging
 - Level 2.0 Stealth
 + Level 4.9 Spellcasting
 + Level 8.3 Conjurations
 + Level 8.7 Air Magic


You had 8 spell levels left.
You knew the following spells:

 Your Spells              Type           Power        Failure   Level  Hunger
a - Shock                 Conj/Air       ####         1%          1    None
b - Static Discharge      Conj/Air       #####...     1%          3    ##.....
c - Airstrike             Air            #####.....   3%          4    ####...

Your spell library contained the following spells:

 Spells                   Type           Power        Failure   Level  Hunger
 Freeze                   Ice            #...         12%         1    None
 Swiftness                Chrm/Air       ###.....     3%          2    #......
 Lightning Bolt           Conj/Air       #####.....   10%         5    ######.


Dungeon Overview and Level Annotations

Branches:
Dungeon (7/15)             Temple (0/1) D:5

Altars:
Ashenzari
Cheibriados
Dithmenos
Elyvilon
Makhleb
Okawaru
Trog
Uskayaw
Vehumet
Wu Jian
Zin
The Shining One

Annotations:
D:3 1 runed translucent door, MisterT's ghost, amateur HOAs
D:7 Prince Ribbit


Innate Abilities, Weirdness & Mutations

You have a beak for a mouth.
You have claws for feet.
You can fly continuously.


Message History

The lightning grounds out.
You hear the creaking of a distant portcullis.
The bullfrog barely misses you. Something hits you. Something shocks you.
You resist. The bullfrog barely misses you. The bullfrog hits you.
* * * LOW HITPOINT WARNING * * *
Something hits you.
* * * LOW HITPOINT WARNING * * *
Something shocks you. You resist.
* * * LOW HITPOINT WARNING * * *
Casting: Static Discharge (safe; 1% risk of failure)
Confirm with . or Enter, or press ? or * to list all spells.
Some blue arcs ground themselves harmlessly.
The bullfrog hits you.
* * * LOW HITPOINT WARNING * * *
Something hits you but does no damage. The bullfrog misses you.
The bullfrog closely misses you. Something hits you.
* * * LOW HITPOINT WARNING * * *
Something shocks you. You resist.
You die...

#.#####.## #.#....>..
...+ #.#...[.# ...
........# ######..
.#.#....######......#
.._..[..............+
.#.#...######)......#
..+....##...........#
###....##)# #..F@...#
##....###.# #..{....#
##.#......# #.......#
...#......# #.#######
####..###.###.# #
#.†........#
#####.#########
'............
#####........


You could see a bullfrog.

Vanquished Creatures
  A water moccasin (D:7)
  An orc warrior (D:7)
  A phantom (D:5)
  A sky beast (D:5)
  2 ogres (D:5)
  A centaur (D:5)
  A scorpion (D:4)
  A hound (D:7)
  An orc priest (D:5)
  A bullfrog skeleton (D:5)
  An iguana (D:4)
  Natasha (thrice) (D:2)
  6 worker ants
  Robin (D:2)
  6 gnolls
  8 adders
  4 worms
  A dart slug (D:1)
  4 leopard geckos
  13 orcs
  5 giant cockroaches
  16 goblins
  6 hobgoblins
  9 jackals
  A quokka (D:2)
  10 bats
  4 frilled lizards
  4 kobolds
  A quokka skeleton (D:4)
  7 rats
121 creatures vanquished.

Notes
Turn   | Place    | Note
-------+----------+-------------------------------------------
     0 | D:1      | kae the Tengu Air Elementalist began the quest for the Orb.
     0 | D:1      | Reached XP level 1. HP: 10/10 MP: 4/4
   138 | D:1      | Reached XP level 2. HP: 7/15 MP: 1/6
  1525 | D:2      | Noticed Natasha
  1534 | D:2      | Killed Natasha
  1534 | D:2      | Reached XP level 3. HP: 12/19 MP: 0/7
  1762 | D:2      | Reached XP level 4. HP: 15/24 MP: 1/8
  1887 | D:2      | Noticed Robin
  1962 | D:2      | Killed Robin
  2044 | D:2      | Reached skill level 5 in Conjurations
  2223 | D:2      | Found an ornate altar of the Wu Jian Council.
  2409 | D:2      | Noticed Natasha
  2415 | D:2      | Killed Natasha
  2415 | D:2      | Reached skill level 5 in Air Magic
  2415 | D:2      | Gained mutation: You can fly continuously. [Tengu growth]
  2415 | D:2      | Reached XP level 5. HP: 28/28 MP: 5/9
  2523 | D:2      | Found a radiant altar of Vehumet.
  2534 | D:2      | Became a worshipper of Vehumet
  2683 | D:2      | Found a glowing golden altar of the Shining One.
  2774 | D:2      | Noticed Natasha
  2787 | D:2      | Killed Natasha
  3060 | D:3      | Found a runed translucent door.
  3073 | D:3      | Noticed MisterT's ghost (amateur HOAs)
  3080 | D:3      | Learned a level 3 spell: Static Discharge
  3085 | D:3      | Learned a level 4 spell: Airstrike
  3232 | D:3      | Found a bloodstained altar of Trog.
  3575 | D:3      | Found a snail-covered altar of Cheibriados.
  3702 | D:3      | Reached XP level 6. HP: 21/32 MP: 1/10
  4919 | D:4      | Reached * piety under Vehumet
  4919 | D:4      | Offered knowledge of Freeze by Vehumet.
  5095 | D:5      | Entered Level 5 of the Dungeon
  5277 | D:5      | Got a smoking amber ring
  5323 | D:5      | Noticed a phantom
  5324 | D:5      | Found a staircase to the Ecumenical Temple.
  5329 | D:5      | Killed a phantom
  5329 | D:5      | Reached XP level 7. HP: 26/36 MP: 2/13
  5512 | D:5      | Found a shattered altar of Ashenzari.
  5960 | D:5      | Found a white marble altar of Elyvilon.
  5960 | D:5      | Found a shadowy altar of Dithmenos.
  5960 | D:5      | Found a glowing silver altar of Zin.
  6138 | D:5      | Reached XP level 8. HP: 41/41 MP: 4/15
  6334 | D:5      | Found a hide-covered altar of Uskayaw.
  6364 | D:5      | You fall into a shaft and drop 2 floors!
  6364 | D:7      | Found an iron altar of Okawaru.
  6365 | D:7      | Noticed Prince Ribbit
  6408 | D:7      | Identified the cursed ring "Teruomp" {rElec rN+ Int+3 Dex-5
                  | Slay-5} (You found it on level 5 of the Dungeon)
  6687 | D:7      | Found a burning altar of Makhleb.
  6725 | D:7      | HP: 2/41 [something (2)]
  6725 | D:7      | Slain by a sky beast

Levels and vault maps discovered:
D:1:      lightli_arrival_noodles, layout_basic
D:2:      layout_basic, marbit_many_paths, lemuel_crystal_altar,
          lemuel_coloured_pillars_altar, serial_corexii_hall,
          corexii_hall_statues_t, chequers_hall_statues_wall_a, minivault_23,
          kennysheep_generic_room_6, uniq_natasha, uniq_robin
D:3:      layout_basic, cheibriados_altar_1, old_standard_altar,
          gammafunk_ghost_grave
D:4:      layout_cave_pools
D:5:      layout_gridville, nicolae_overflow_quartered_altars,
          cheibrodos_ashenzari_chains, temple_hall, first_ration
D:7:      layout_basic, okawaru_gym_becter, lemuel_crystal_altar, basic_altar,
          enter_bailey_2, uniq_duvessa, uniq_prince_ribbit1

Skill      XL: |  1  2  3  4  5  6  7  8 |
---------------+-------------------------+-----
Conjurations   | 2 4 5 6 7 8 |  8.3
Air Magic      | 5 6 7 8 |  8.7
Spellcasting   | 3 4 |  4.9
Dodging        | |  2.1
Stealth        | |  2.0

Action                   |  1- 3 |  4- 6 |  7- 9 || total
-------------------------+-------+-------+-------++-------
Melee: Unarmed           |     8 |    25 |    24 ||    57
       Kick              |     4 |     5 |     7 ||    16
       Peck              |       |     6 |     6 ||    12
 Cast: Shock             |    44 |   160 |    66 ||   270
       Static Discharge  |       |     2 |    11 ||    13
       Airstrike         |       |     1 |    11 ||    12
  Use: Scroll            |       |    11 |     5 ||    16
       Potion            |       |     1 |     1 ||     2
 Stab: Sleeping          |       |     1 |       ||     1
  Eat: Ration            |     1 |       |     1 ||     2
       Chunk             |       |    13 |     3 ||    16
Armor: Robe              |     6 |     7 |     9 ||    22
Dodge: Dodged            |    14 |    34 |    46 ||    94

Table legend:
 A = Non-vault XP
 B = Vault XP
 C = Vault XP percentage of total XP
 D = Non-vault monster count
 E = Vault monster count
 F = Vault count percentage of total count
                 A         B        C        D         E       F
            +---------+---------+-------+---------+---------+-------
      Total |    1731 |      74 |   4.1 |     106 |      15 |  12.4
            +---------+---------+-------+---------+---------+-------
        D:1 |      22 |       0 |   0.0 |      14 |       0 |   0.0
        D:2 |     134 |      74 |  35.6 |      18 |      15 |  45.5
        D:3 |      97 |       0 |   0.0 |      18 |       0 |   0.0
        D:4 |     217 |       0 |   0.0 |      18 |       0 |   0.0
        D:5 |     858 |       0 |   0.0 |      31 |       0 |   0.0
        D:7 |     403 |       0 |   0.0 |       7 |       0 |   0.0
            +---------+---------+-------+---------+---------+-------
